AoeStats
← ccereal

Lombardia

509316548Analyzed
2v2 RM · 7d ago on Sep 26, 2026· 43m 21s· 4 players
Game mode
Random Map
Map size
Medium (4 player)
Population
200
Speed
Normal
Resources
Standard
Victory
Conquest
Starting age
Dark Age
Ending age
Imperial Age
RankedLock teamsTeams togetherTeam positionsShared explorationLock speedFull tech treeHidden civsTurbo modeCheats
Victory
Defeat
🇪🇸 Cumans · Spain
1627
+12
🇪🇸 Mongols · Spain
1578
+14
🇫🇷 Saracens · France
1623
-16
🇫🇷 Khmer · France
1451
-10
Tonymontana
8:45 Feudal Age
8:35 Loom
9:27 Double-Bit Axe
10:43 Horse Collar
16:16 Forging
17:39 Scale Barding Armor
22:52 Castle Age
21:11 Scale Barding Armor
21:24 Gold Mining
23:41 Bloodlines
23:52 Bow Saw
23:44 Heavy Plow
23:15 Light Cavalry
23:56 Husbandry
27:20 Gold Shaft Mining
29:04 Iron Casting
37:18 Imperial Age
36:03 Wheelbarrow
35:14 Town Watch
36:44 Stone Mining
37:40 Chain Barding Armor
38:05 Hand Cart
37:52 Town Patrol
37:25 Cavalier
38:49 Crop Rotation
39:03 Plate Barding Armor
41:23 Blast Furnace
40:13 Fletching
ccereal
5:48 Loom
7:58 Feudal Age
8:33 Double-Bit Axe
11:50 Fletching
20:51 Castle Age
19:32 Padded Archer Armor
19:13 Horse Collar
20:53 Crossbowman
21:29 Bodkin Arrow
22:05 Bow Saw
34:37 Imperial Age
32:43 Gold Mining
34:16 Ballistics
34:37 Arbalester
35:22 Bracer
35:53 Leather Archer Armor
37:14 Chemistry
37:31 Wheelbarrow
36:41 Town Watch
37:35 Thumb Ring
40:10 Conscription
40:45 Ring Archer Armor
42:12 Hand Cart
42:28 Fortified Wall
42:29 Masonry
Anleo
8:36 Feudal Age
10:45 Double-Bit Axe
11:51 Horse Collar
13:54 Loom
17:52 Fletching
20:12 Wheelbarrow
24:13 Castle Age
23:15 Scale Barding Armor
23:21 Forging
23:52 Bloodlines
24:15 Gold Mining
25:19 Chain Barding Armor
29:53 Forging
31:12 Gold Shaft Mining
30:28 Stone Mining
31:47 Iron Casting
31:36 Town Watch
32:34 Hand Cart
33:29 Heavy Plow
36:23 Imperial Age
34:44 Masonry
35:45 Bodkin Arrow
36:17 Town Watch
36:26 Cavalier
37:42 Plate Barding Armor
38:51 Paladin
44:07 Blast Furnace
42:59 Light Cavalry
Conquer
7:20 Loom
9:06 Feudal Age
10:34 Double-Bit Axe
14:10 Bloodlines
14:18 Scale Barding Armor
20:05 Castle Age
19:10 Horse Collar
19:21 Gold Mining
21:07 Bow Saw
21:52 Husbandry
26:20 Chain Barding Armor
30:12 Town Watch
31:11 Wheelbarrow
30:51 Fletching
31:47 Bodkin Arrow
32:29 Stone Mining
32:45 Heavy Plow
33:44 Hand Cart
34:24 Gold Shaft Mining
38:10 Imperial Age
38:34 Padded Archer Armor
38:56 Ballistics
38:55 Bracer
39:57 Chemistry
38:57 Elite Mangudai
40:05 Conscription
40:57 Leather Archer Armor
40:04 Light Cavalry
43:04 Thumb Ring
43:47 Caravan
Connection lost

Rejoining the realm…

Still unreachable

The connection could not be restored.

Session expired

The server has moved on; the page needs a fresh start.